[Event "2023 John Brooke Cup"]
[Site "Woodvale, Perth WA AUS"]
[Date "2023.09.06"]
[Round "4"]
[White "Markou, Victor"]
[Black "Powell, Darren"]
[Result "0-1"]
[ECO "C44"]
[WhiteElo "1039"]
[BlackElo "1337"]
[PlyCount "119"]
[EventDate "2023.08.09"]
[EventType "swiss"]
[EventRounds "7"]
[EventCountry "AUS"]
[TimeControl "3600+30"]

1. e4 e5 2. Nf3 Nc6 3. d3 h6 4. g3 d6 5. Bg2 Nf6 6. O-O Bg4 7. Re1 Be7 8. Nbd2
Qd7 9. Nf1 O-O-O 10. Ne3 d5 11. Nxg4 Nxg4 12. Nh4 Bc5 13. Bh3 h5 14. Be3 Bxe3
15. fxe3 Kb8 16. Nf5 f6 17. Bxg4 hxg4 18. Qxg4 Rh7 19. Qf3 g6 20. Nh4 Qf7 21.
Rf1 Rd6 22. exd5 Nb4 23. Rf2 Nxd5 24. e4 Ne7 25. Qg4 Rh5 26. Re1 Rg5 27. Qxg5
fxg5 28. Rxf7 gxh4 29. Rf8+ Nc8 30. Ref1 b6 31. R1f3 g5 32. gxh4 gxh4 33. Rh3
Rh6 34. Rf5 Ne7 35. Rxe5 Rh7 36. Rg5 Kb7 37. Kf2 Rf7+ 38. Kg2 Rf4 39. Rg4 Rxg4+
40. Kf3 Rg7 41. Rxh4 Rf7+ 42. Kg3 Ng6 43. Rg4 Ne5 44. Rf4 Rg7+ 45. Kh3 Nc6 46.
c3 Ne5 47. d4 Nd3 48. Rf3 Nxb2 49. e5 c6 50. e6 Rg1 51. Rf7+ Ka6 52. e7 Re1 53.
Kg2 Nc4 54. Kf2 Re6 55. h4 Nd6 56. h5 Nxf7 57. c4 Rxe7 58. d5 cxd5 59. cxd5 Re5
60. Kf3 0-1

[Event "2023 John Brooke Cup"]
[Site "Woodvale, Perth WA AUS"]
[Date "2023.09.06"]
[Round "4"]
[White "Owen, Geoffrey"]
[Black "Jahn, Harold"]
[Result "1-0"]
[ECO "C40"]
[WhiteElo "1030"]
[BlackElo "1081"]
[PlyCount "77"]
[EventDate "2023.08.09"]
[EventType "swiss"]
[EventRounds "7"]
[EventCountry "AUS"]
[TimeControl "3600+30"]

1. e4 e5 2. Nf3 f6 3. Nxe5 fxe5 4. Qh5+ g6 5. Qxe5+ Qe7 6. Qxh8 Nf6 7. Nc3 c6
8. d3 d6 9. Bg5 Nbd7 10. Be2 b5 11. b4 Bb7 12. O-O O-O-O 13. Bg4 Kc7 14. Rfe1
Bg7 15. Qxh7 Rh8 16. Qxg6 Qe5 17. f4 Qxc3 18. Qxg7 Qd4+ 19. Kh1 Rxh2+ 20. Kxh2
Nxg4+ 21. Kh3 Qxg7 22. Kxg4 Bc8 23. Kf3 Qf7 24. d4 Qc4 25. a4 Qxb4 26. axb5
Qxb5 27. Reb1 Qc4 28. Rxa7+ Bb7 29. Rbxb7+ Kc8 30. Rxd7 Kb8 31. Rh7 Qxd4 32.
Rae7 Qd1+ 33. Kg3 Qe1+ 34. Kg4 Qe2+ 35. Kf5 Qb5+ 36. e5 Qa6 37. Re8+ Qc8+ 38.
Rxc8+ Kxc8 39. e6 1-0

[Event "2023 John Brooke Cup"]
[Site "Woodvale, Perth WA AUS"]
[Date "2023.09.06"]
[Round "4"]
[White "Porteus, Grant"]
[Black "May, Wendy"]
[Result "1-0"]
[ECO "D02"]
[WhiteElo "1381"]
[BlackElo "914"]
[PlyCount "71"]
[EventDate "2023.08.09"]
[EventType "swiss"]
[EventRounds "7"]
[EventCountry "AUS"]
[TimeControl "3600+30"]

1. d4 d5 2. Bf4 e6 3. Nf3 Nc6 4. c3 h6 5. Nbd2 g5 6. Bg3 f5 7. h4 g4 8. Ne5
Nxe5 9. Bxe5 Rh7 10. e3 Bg7 11. Bf4 h5 12. c4 Bd7 13. Qb3 Bc6 14. c5 Qd7 15.
Bg5 Bf6 16. f4 a6 17. O-O-O Rb8 18. Bxa6 Ba4 19. Qb4 Bxd1 20. Rxd1 Qc6 21. Bb5
Qxb5 22. Qxb5+ c6 23. Qd3 b6 24. Qb3 b5 25. e4 Bxd4 26. Nf1 Bxc5 27. Qc3 Rd7
28. Qxc5 Ne7 29. Bxe7 Rxe7 30. Qxc6+ Kf7 31. exf5 Kf6 32. Ne3 Rbb7 33. Nxd5+
Kf7 34. Nxe7 Rxe7 35. Rd7 Rxd7 36. fxe6+ 1-0

[Event "2023 Wolfgang Leonhardt Cup"]
[Site "Woodvale, Perth WA AUS"]
[Date "2023.09.13"]
[Round "5"]
[White "Maggs, Derwent"]
[Black "Maris, Rob"]
[Result "1-0"]
[ECO "B84"]
[WhiteElo "2251"]
[BlackElo "2044"]
[PlyCount "81"]
[EventDate "2023.08.09"]
[EventType "swiss"]
[EventRounds "7"]
[EventCountry "AUS"]
[TimeControl "3600+30"]

1. e4 c5 2. Nf3 Nc6 3. d4 cxd4 4. Nxd4 Nf6 5. Nc3 d6 6. Be2 e6 7. O-O Be7 8.
Be3 a6 9. f4 Qc7 10. Nxc6 bxc6 11. Bf3 Rb8 12. b3 c5 13. Qd3 Nd7 14. Na4 Bb7
15. Rad1 Bc6 16. Nb2 Nb6 17. c4 Nd7 18. Bd2 Bf6 19. Bc3 Bxc3 20. Qxc3 Nf6 21.
e5 dxe5 22. Qxe5 Rc8 23. Qxc5 Bxf3 24. Qxc7 Rxc7 25. Rxf3 Rd7 26. Rfd3 Ke7 27.
Rxd7+ Nxd7 28. Na4 Rb8 29. Kf2 a5 30. Rd3 f6 31. Ke3 Rb7 32. g3 Rc7 33. Kd4 Rc6
34. c5 e5+ 35. Kd5 Re6 36. f5 Ra6 37. c6 Nb6+ 38. Nxb6 Rxb6 39. Kc5 Rb8 40.
Rd7+ Ke8 41. Rxg7 1-0

[Event "2023 Wolfgang Leonhardt Cup"]
[Site "Woodvale, Perth WA AUS"]
[Date "2023.09.13"]
[Round "5"]
[White "Lakner, Jay"]
[Black "Clarke, Daniel"]
[Result "1-0"]
[ECO "A18"]
[WhiteElo "2144"]
[BlackElo "1902"]
[PlyCount "133"]
[EventDate "2023.08.09"]
[EventType "swiss"]
[EventRounds "7"]
[EventCountry "AUS"]
[TimeControl "3600+30"]

1. c4 Nf6 2. Nc3 e6 3. e4 d5 4. e5 d4 5. exf6 dxc3 6. bxc3 Qxf6 7. d4 Nc6 8.
Nf3 e5 9. Bg5 Qg6 10. d5 Nb8 11. Qe2 e4 12. Bf4 Na6 13. Nh4 Qg4 14. Qxe4+ Be7
15. g3 Qd7 16. Be3 O-O 17. Nf3 Nc5 18. Qc2 Qf5 19. Qxf5 Bxf5 20. Nd4 Bg6 21.
Bg2 Bd3 22. Nb3 Rfe8 23. O-O-O Nxb3+ 24. axb3 Ba3+ 25. Kd2 Bg6 26. Ra1 Bd6 27.
c5 Be5 28. f4 Bxc3+ 29. Kxc3 Rxe3+ 30. Kb4 Bc2 31. Rhe1 Rxe1 32. Rxe1 Kf8 33.
g4 Re8 34. Rxe8+ Kxe8 35. Kc3 Bd1 36. h3 Kd7 37. b4 b6 38. Be4 h5 39. Kd2 Bb3
40. gxh5 a5 41. bxa5 bxa5 42. Kc3 a4 43. Bf3 Ke7 44. h4 Kd7 45. Be4 Ke7 46. Kb4
Bd1 47. Bd3 Bf3 48. Bc4 Bd1 49. Bb5 Bf3 50. Bc6 Bxh5 51. Bxa4 Bf3 52. Kc4 Be4
53. Kd4 Bf3 54. Bc2 Bg4 55. Be4 g6 56. Ke5 Bh3 57. f5 f6+ 58. Kf4 gxf5 59. Bxf5
Bg2 60. Be4 Bh3 61. h5 Kf7 62. h6 Bd7 63. Bf5 Ba4 64. Ke3 Bd1 65. h7 Kg7 66. d6
cxd6 67. c6 1-0

[Event "2023 Wolfgang Leonhardt Cup"]
[Site "Woodvale, Perth WA AUS"]
[Date "2023.09.13"]
[Round "5"]
[White "Saxon, Marc"]
[Black "Plaganyi, Gyula"]
[Result "1-0"]
[ECO "B34"]
[WhiteElo "2053"]
[BlackElo "1972"]
[BlackTitle "CM"]
[PlyCount "91"]
[EventDate "2023.08.09"]
[EventType "swiss"]
[EventRounds "7"]
[EventCountry "AUS"]
[TimeControl "3600+30"]

1. e4 c5 2. Nf3 g6 3. d4 cxd4 4. Nxd4 Nc6 5. Be3 Nf6 6. Nc3 Bg7 7. Be2 O-O 8.
f4 Qb6 9. Nxc6 Qxe3 10. Nxe7+ Kh8 11. Qd2 Ng4 12. O-O-O Bxc3 13. bxc3 Qxd2+ 14.
Rxd2 Nf2 15. Re1 Nxe4 16. Rd3 d5 17. Nxd5 Nc5 18. Re3 Be6 19. Nc7 Rac8 20. Nxe6
Nxe6 21. g3 Nc5 22. Re7 Kg7 23. Bf3 Na4 24. Rxb7 Rxc3 25. Bd5 Nc5 26. Rxa7 Rd8
27. Rxf7+ Kh8 28. Be4 Kg8 29. Re7 Rd4 30. Re5 Kg7 31. Re2 Rcc4 32. Bd5 Nd3+ 33.
Kb1 Nxe5 34. Rxe5 Rd1+ 35. Kb2 Rcd4 36. Bb3 R1d2 37. Re7+ Kh8 38. a4 Rxh2 39.
a5 Rd6 40. Bc4 Rc6 41. Bd3 Rd2 42. a6 Rc8 43. a7 Rd1 44. Rb7 Re1 45. Bb5 Re4
46. Rb8 1-0

[Event "2023 Wolfgang Leonhardt Cup"]
[Site "Woodvale, Perth WA AUS"]
[Date "2023.09.13"]
[Round "5"]
[White "O'Shaughnessy, Dave"]
[Black "Kerr, Lennon"]
[Result "1-0"]
[ECO "D02"]
[WhiteElo "1977"]
[BlackElo "1576"]
[PlyCount "59"]
[EventDate "2023.08.09"]
[EventType "swiss"]
[EventRounds "7"]
[EventCountry "AUS"]
[TimeControl "3600+30"]

1. Nf3 d5 2. e3 Nc6 3. d4 Bg4 4. Be2 e6 5. h3 Bh5 6. Nbd2 Nf6 7. c3 Bd6 8. Qc2
e5 9. dxe5 Nxe5 10. Nxe5 Bxe5 11. Bxh5 Nxh5 12. Qf5 Qd6 13. Qxh5 O-O-O 14. Nf3
Rde8 15. Qf5+ Kb8 16. Bd2 g6 17. Qd3 c5 18. Nxe5 Rxe5 19. O-O-O Rhe8 20. Rhe1
c4 21. Qd4 Re4 22. Qg7 Qa6 23. Kb1 Qb5 24. Qxf7 R4e6 25. Bc1 R8e7 26. Qf4+ Ka8
27. Rd4 a5 28. Red1 Re4 29. Rxe4 Rxe4 30. Qd6 1-0

[Event "2023 Wolfgang Leonhardt Cup"]
[Site "Woodvale, Perth WA AUS"]
[Date "2023.09.13"]
[Round "5"]
[White "Roebuck, Derek"]
[Black "Curthoys, Edward"]
[Result "0-1"]
[ECO "B17"]
[WhiteElo "1796"]
[BlackElo "1848"]
[PlyCount "44"]
[EventDate "2023.08.09"]
[EventType "swiss"]
[EventRounds "7"]
[EventCountry "AUS"]
[TimeControl "3600+30"]

1. e4 c6 2. Nc3 d5 3. d4 dxe4 4. Nxe4 Nd7 5. Bd3 Ngf6 6. Ng3 g6 7. Nf3 Bg7 8.
O-O O-O 9. c3 c5 10. dxc5 Nxc5 11. Be2 Qc7 12. Qc2 Bd7 13. Be3 Nd5 14. Bxc5
Qxc5 15. Rad1 Nb6 16. h3 Rfd8 17. Ne4 Qc7 18. Qc1 Na4 19. Nd4 a6 20. Bf3 Rac8
21. g4 b5 22. Rfe1 b4 0-1

[Event "2023 Wolfgang Leonhardt Cup"]
[Site "Woodvale, Perth WA AUS"]
[Date "2023.09.13"]
[Round "5"]
[White "Doshi, Chirag"]
[Black "Stortz, Robert"]
[Result "1-0"]
[ECO "B15"]
[WhiteElo "1870"]
[BlackElo "1796"]
[PlyCount "83"]
[EventDate "2023.08.09"]
[EventType "swiss"]
[EventRounds "7"]
[EventCountry "AUS"]
[TimeControl "3600+30"]

1. e4 c6 2. d4 d5 3. Nc3 dxe4 4. Nxe4 Nf6 5. Nxf6+ exf6 6. Nf3 Bd6 7. Bd3 Be6
8. O-O O-O 9. c4 Nd7 10. h3 Re8 11. d5 cxd5 12. cxd5 Bxd5 13. Bxh7+ Kxh7 14.
Qxd5 Ne5 15. Nxe5 Bxe5 16. Qxf7 Re7 17. Qb3 b6 18. Be3 Rc8 19. Rac1 Rxc1 20.
Rxc1 Rd7 21. Qc2+ Kh8 22. Qe2 Kg8 23. b3 Kh8 24. g3 Kg8 25. Kh2 Rd3 26. Qg4 Rd7
27. Qe6+ Kh7 28. Rc4 Bd4 29. Qe4+ f5 30. Qxf5+ g6 31. Qf4 Bxe3 32. Qxe3 Qf6 33.
Rh4+ Kg7 34. Qh6+ Kg8 35. Rf4 Qd6 36. Rh4 Qf6 37. Rf4 Qd6 38. Qg5 Kg7 39. h4
Qd2 40. h5 Rd6 41. hxg6 Rxg6 42. Rf7+ 1-0

[Event "2023 Wolfgang Leonhardt Cup"]
[Site "Woodvale, Perth WA AUS"]
[Date "2023.09.13"]
[Round "5"]
[White "Gibson, Jacob"]
[Black "Gough, Dylan"]
[Result "1/2-1/2"]
[ECO "B23"]
[WhiteElo "1987"]
[BlackElo "1762"]
[PlyCount "89"]
[EventDate "2023.08.09"]
[EventType "swiss"]
[EventRounds "7"]
[EventCountry "AUS"]
[TimeControl "3600+30"]

1. e4 c5 2. Nc3 Nc6 3. f4 e6 4. Nf3 d5 5. d3 dxe4 6. dxe4 Qxd1+ 7. Nxd1 Bd7 8.
Bd3 Nge7 9. b3 Ng6 10. g3 Bd6 11. Bb2 f6 12. Ne3 e5 13. Nc4 Bc7 14. f5 Nge7 15.
a4 Nd4 16. Nxd4 cxd4 17. Ba3 Bc6 18. Kf2 Rd8 19. Rhd1 Nc8 20. g4 Nd6 21. Nd2 h5
22. Bxd6 Bxd6 23. gxh5 Rxh5 24. Nf3 a6 25. Rg1 Rh7 26. Rg4 Bf8 27. Rag1 Ke7 28.
R1g2 Be8 29. Nh4 Kd6 30. Bc4 b5 31. axb5 axb5 32. Bd5 Rc8 33. Ke1 Rc3 34. Ng6
Bxg6 35. Rxg6 Rch3 36. Kd2 Rxh2 37. R6g3 R7h3 38. Bf7 Rh4 39. Rxh2 Rxh2+ 40.
Kd3 b4 41. Rg1 Kc5 42. Ra1 Rh3+ 43. Kd2 Rh2+ 44. Kd3 Rh3+ 45. Kd2 1/2-1/2

[Event "2023 Wolfgang Leonhardt Cup"]
[Site "Woodvale, Perth WA AUS"]
[Date "2023.09.13"]
[Round "5"]
[White "Oswald, Franz"]
[Black "Leonhardt, Wolfgang"]
[Result "1-0"]
[ECO "D35"]
[WhiteElo "1641"]
[BlackElo "1760"]
[PlyCount "61"]
[EventDate "2023.08.09"]
[EventType "swiss"]
[EventRounds "7"]
[EventCountry "AUS"]
[TimeControl "3600+30"]

1. d4 Nf6 2. c4 d5 3. Nc3 e6 4. Bg5 Be7 5. e3 O-O 6. cxd5 exd5 7. Bd3 Nc6 8. a3
Re8 9. Qc2 h6 10. Bh4 a6 11. Nf3 Bg4 12. Nd2 Nxd4 13. exd4 Bc5+ 14. Ne2 Bxe2
15. Bxe2 Bxd4 16. Nf3 Bb6 17. O-O c5 18. Rfe1 Ba5 19. Red1 Rc8 20. Bf1 Qd7 21.
Bxf6 gxf6 22. Qc1 Kg7 23. Qc2 b5 24. Bd3 Rc6 25. Rac1 c4 26. Bf5 Qd6 27. Nd4
Rc7 28. Bh3 Kh8 29. Nf5 Qe5 30. g3 Bb6 31. Re1 1-0

[Event "2023 Wolfgang Leonhardt Cup"]
[Site "Woodvale, Perth WA AUS"]
[Date "2023.09.13"]
[Round "5"]
[White "Garang, Kuol Awan"]
[Black "Kerr, Carter"]
[Result "0-1"]
[ECO "C50"]
[WhiteElo "1632"]
[BlackElo "1485"]
[PlyCount "100"]
[EventDate "2023.08.09"]
[EventType "swiss"]
[EventRounds "7"]
[EventCountry "AUS"]
[TimeControl "3600+30"]

1. e4 e5 2. Bc4 Nf6 3. Nc3 Bc5 4. Nf3 Nc6 5. a3 d6 6. O-O Bg4 7. Be2 O-O 8. b4
Bb6 9. Nd5 Nxe4 10. b5 Ne7 11. Nxb6 axb6 12. Bb2 Nf6 13. c4 Ng6 14. Qb3 e4 15.
Nd4 Bxe2 16. Nxe2 Nd7 17. d4 exd3 18. Qxd3 Nge5 19. Qg3 Qf6 20. Rab1 Nc5 21.
Nc3 Nxc4 22. Nd5 Qh6 23. Bc1 Qe6 24. Nxc7 Qe4 25. Bh6 Qe5 26. Bf4 Qf6 27. Nxa8
Rxa8 28. Ra1 d5 29. Rfe1 Ne4 30. Qg4 h5 31. Qxh5 Qxf4 32. Qxd5 Qxf2+ 33. Kh1
Ned6 34. Qd3 Rc8 35. Re2 Qf6 36. Rae1 Ne5 37. Qb1 Ng4 38. Rf1 Qd4 39. Rd1 Qf4
40. g3 Qf3+ 41. Rg2 Nf2+ 42. Kg1 Nxd1 43. h3 Ne3 44. Rd2 Qxg3+ 45. Kh1 Ne4 46.
Rh2 Qf3+ 47. Kg1 Rc5 48. h4 Qg3+ 49. Kh1 Nf2+ 50. Rxf2 Qxf2 0-1

[Event "2023 John Brooke Cup"]
[Site "Woodvale, Perth WA AUS"]
[Date "2023.09.13"]
[Round "5"]
[White "Ross, Leo"]
[Black "Curtis, Calan"]
[Result "0-1"]
[ECO "C12"]
[WhiteElo "1335"]
[BlackElo "1300"]
[PlyCount "76"]
[EventDate "2023.08.09"]
[EventType "swiss"]
[EventRounds "7"]
[EventCountry "AUS"]
[TimeControl "3600+30"]

1. e4 e6 2. d4 d5 3. Nc3 Nf6 4. Bg5 Bb4 5. e5 h6 6. exf6 hxg5 7. fxg7 Rg8 8.
Nf3 Rxg7 9. Ne5 g4 10. h3 g3 11. fxg3 Rxg3 12. Qh5 Qf6 13. Bb5+ c6 14. Rf1 Rg5
15. Qh7 Rxe5+ 16. dxe5 Bxc3+ 17. bxc3 Qxe5+ 18. Kd2 cxb5 19. Qxf7+ Kd8 20. Qf6+
Qxf6 21. Rxf6 Ke7 22. Raf1 Nc6 23. Rf8 Rb8 24. g4 Bd7 25. R8f7+ Kd6 26. g5 Ne5
27. R7f4 Rg8 28. Rg1 Ng6 29. Rf6 Be8 30. Rg4 Rf8 31. Rxf8 Nxf8 32. h4 Bh5 33.
Rg1 Ng6 34. Ke3 Nxh4 35. Rh1 Nf5+ 36. Kf4 Bg6 37. Rh8 Ne7 38. Rh6 Bxc2 0-1

[Event "2023 John Brooke Cup"]
[Site "Woodvale, Perth WA AUS"]
[Date "2023.09.13"]
[Round "5"]
[White "Sethuraman, Jaswanth Ram"]
[Black "Howard, Mark"]
[Result "1/2-1/2"]
[ECO "C48"]
[WhiteElo "824"]
[BlackElo "1452"]
[PlyCount "77"]
[EventDate "2023.08.09"]
[EventType "swiss"]
[EventRounds "7"]
[EventCountry "AUS"]
[TimeControl "3600+30"]

1. e4 e5 2. Nf3 Nc6 3. Nc3 Bc5 4. Bb5 Nf6 5. Bxc6 dxc6 6. Nxe5 Qd4 7. Nd3 Bg4
8. f3 Bh5 9. Ne2 Qc4 10. b3 Qb5 11. e5 Nd7 12. a4 Qb6 13. a5 Qb5 14. Nc3 Qa6
15. Nf4 Bg6 16. d4 Bb4 17. Bd2 Bxc3 18. Bxc3 O-O-O 19. Nxg6 hxg6 20. Qd3 Qxd3
21. cxd3 Rde8 22. O-O f6 23. Rfe1 fxe5 24. dxe5 Nc5 25. d4 Nd3 26. Re4 g5 27.
g3 c5 28. Rd1 cxd4 29. Rxd3 dxc3 30. Rxc3 Rd8 31. Re1 Rd2 32. Rec1 c6 33. a6
Rhxh2 34. axb7+ Kxb7 35. Rxc6 Rhg2+ 36. Kh1 Rh2+ 37. Kg1 Rhg2+ 38. Kh1 Rh2+ 39.
Kg1 1/2-1/2

[Event "2023 John Brooke Cup"]
[Site "Woodvale, Perth WA AUS"]
[Date "2023.09.13"]
[Round "5"]
[White "Massam, Justin"]
[Black "Hounsome, David"]
[Result "0-1"]
[ECO "D13"]
[WhiteElo "1479"]
[BlackElo "1370"]
[PlyCount "114"]
[EventDate "2023.08.09"]
[EventType "swiss"]
[EventRounds "7"]
[EventCountry "AUS"]
[TimeControl "3600+30"]

1. d4 Nf6 2. Nf3 c5 3. c3 cxd4 4. cxd4 Nc6 5. Nc3 e6 6. a3 d5 7. Bg5 Be7 8. e3
O-O 9. Bd3 a6 10. O-O Qc7 11. Bf4 Bd6 12. Bxd6 Qxd6 13. Re1 e5 14. dxe5 Nxe5
15. Nxe5 Qxe5 16. Be2 b5 17. Bf3 Bb7 18. Rc1 Rad8 19. b4 Rd7 20. h3 Rfd8 21.
Qb3 Ne4 22. Nxe4 dxe4 23. Rc5 Bd5 24. Be2 g6 25. Qc2 Kg7 26. Rd1 Qe6 27. Qc3+
Qf6 28. Qxf6+ Kxf6 29. Bg4 Rd6 30. Bc8 Ke5 31. Bb7 f5 32. Kh2 Ke6 33. Bxd5+
Rxd5 34. Rc6+ R8d6 35. Rxd5 Kxd5 36. Rc5+ Ke6 37. Kg3 g5 38. f4 exf3 39. Kxf3
Rd5 40. Rc6+ Rd6 41. Rc5 Rd5 42. Rc6+ Rd6 43. Rxd6+ Kxd6 44. e4 Ke5 45. exf5
Kxf5 46. g4+ Ke5 47. Ke3 h6 48. Kd3 Kf4 49. Ke2 Kg3 50. Ke3 Kxh3 51. Kf3 Kh4
52. Kg2 Kxg4 53. Kh2 Kf3 54. Kh3 h5 55. Kh2 g4 56. Kh1 g3 57. Kg1 g2 0-1

[Event "2023 John Brooke Cup"]
[Site "Woodvale, Perth WA AUS"]
[Date "2023.09.13"]
[Round "5"]
[White "Lanham, Bruce"]
[Black "Brooke, John"]
[Result "1-0"]
[ECO "D02"]
[WhiteElo "1206"]
[BlackElo "1435"]
[PlyCount "105"]
[EventDate "2023.08.09"]
[EventType "swiss"]
[EventRounds "7"]
[EventCountry "AUS"]
[TimeControl "3600+30"]

1. d4 d5 2. Nf3 Nc6 3. g3 Bf5 4. Bg2 e6 5. O-O h6 6. c4 dxc4 7. Nbd2 b5 8. Ne5
Nxd4 9. Bxa8 Qxa8 10. Ndf3 Nxf3+ 11. exf3 Bd6 12. f4 Bh3 13. Qf3 Qxf3 14. Nxf3
Bxf1 15. Kxf1 Nf6 16. Be3 a6 17. Rd1 O-O 18. Ne5 a5 19. h3 b4 20. Nc6 a4 21.
Bd2 Nd5 22. Rc1 c3 23. bxc3 bxc3 24. Bxc3 Nxc3 25. Rxc3 Ra8 26. Ke2 a3 27. Kd3
Ra6 28. Nd4 Rb6 29. Rb3 Kf8 30. Rxb6 cxb6 31. Nb5 Bc5 32. f3 Ke7 33. Kc4 Kd7
34. Kb3 Bf2 35. g4 g6 36. Kc4 Bg3 37. Nxa3 Bxf4 38. Kb5 Be3 39. Nc4 Bc5 40.
Nxb6+ Bxb6 41. Kxb6 Kc8 42. a4 Kb8 43. Kc6 h5 44. gxh5 gxh5 45. Kd6 Kb7 46. Ke7
Kb6 47. Kxf7 Ka5 48. Kxe6 Kxa4 49. f4 Kb4 50. f5 Kc4 51. f6 Kd4 52. f7 Ke4 53.
f8=Q {Scoresheet not clear} 1-0

[Event "2023 John Brooke Cup"]
[Site "Woodvale, Perth WA AUS"]
[Date "2023.09.13"]
[Round "5"]
[White "Frankland, David"]
[Black "Owen, Geoffrey"]
[Result "1-0"]
[ECO "B31"]
[WhiteElo "1098"]
[BlackElo "1030"]
[PlyCount "57"]
[EventDate "2023.08.09"]
[EventType "swiss"]
[EventRounds "7"]
[EventCountry "AUS"]
[TimeControl "3600+30"]

1. e4 c5 2. h3 a6 3. c4 Nc6 4. Nf3 e6 5. d4 Nf6 6. e5 Ne4 7. Bd3 Nxf2 8. Kxf2
cxd4 9. Be4 Bc5 10. Bxc6 dxc6 11. Qd3 b5 12. Nbd2 f5 13. Nb3 bxc4 14. Qxc4 Bb6
15. Nbxd4 Bxd4+ 16. Qxd4 Bb7 17. Qxd8+ Rxd8 18. Bg5 Rd2+ 19. Nxd2 h6 20. Be3 g5
21. Bc5 Kf7 22. Nc4 Kg6 23. Rad1 g4 24. h4 f4 25. g3 fxg3+ 26. Kxg3 Kf5 27.
Nd6+ Kxe5 28. Nxb7 Rf8 29. Bxf8 1-0

[Event "2023 John Brooke Cup"]
[Site "Woodvale, Perth WA AUS"]
[Date "2023.09.13"]
[Round "5"]
[White "Rennie, Mike"]
[Black "Bordas, Lindsay"]
[Result "0-1"]
[ECO "B40"]
[WhiteElo "891"]
[BlackElo "1122"]
[PlyCount "94"]
[EventDate "2023.08.09"]
[EventType "swiss"]
[EventRounds "7"]
[EventCountry "AUS"]
[TimeControl "3600+30"]

1. e4 e6 2. d3 d5 3. Nc3 c5 4. Nf3 Nc6 5. Bg5 Be7 6. Be2 Bxg5 7. Nxg5 Qxg5 8.
Nb5 Qd8 9. Qd2 a6 10. Na3 Qa5 11. c3 Nf6 12. exd5 exd5 13. Qe3+ Be6 14. Qg5 O-O
15. Qf4 Rfe8 16. O-O d4 17. Nc4 Bxc4 18. dxc4 Rxe2 19. Rae1 d3 20. Rd1 Qd8 21.
Qf3 Ne5 22. Qg3 Nh5 23. Qh3 Nf4 24. Qf5 Qf6 25. Qxf6 gxf6 26. h4 d2 27. Kh2 Kh8
28. g3 Nfd3 29. Kg2 Re1 30. Rxd2 Rxf1 31. Kxf1 Rd8 32. f4 Nxc4 33. Re2 Ncxb2
34. Re7 Rg8 35. Kg2 Nxf4+ 36. Kf3 Nd5 37. Rxb7 Na4 38. c4 Ndc3 39. Rxf7 Nxa2
40. Rxf6 Nb4 41. g4 Nc3 42. g5 Kg7 43. h5 Kh8 44. Kg4 Ne4 45. g6 Nxf6+ 46. Kg5
Nxh5 47. Kxh5 hxg6+ 0-1

[Event "2023 Wolfgang Leonhardt Cup"]
[Site "Woodvale, Perth WA AUS"]
[Date "2023.09.20"]
[Round "6"]
[White "Maggs, Derwent"]
[Black "Lakner, Jay"]
[Result "0-1"]
[ECO "A85"]
[WhiteElo "2251"]
[BlackElo "2144"]
[PlyCount "104"]
[EventDate "2023.08.09"]
[EventType "swiss"]
[EventRounds "7"]
[EventCountry "AUS"]
[TimeControl "3600+30"]

1. d4 f5 2. c4 Nf6 3. Nc3 g6 4. h4 d6 5. h5 gxh5 6. Bg5 Be6 7. Bxf6 exf6 8. e3
Bf7 9. Be2 Rg8 10. Bxh5 Bg6 11. Bf3 c6 12. Nge2 Na6 13. Nf4 Nc7 14. d5 c5 15.
Rb1 Qd7 16. Ne6 f4 17. Ne4 Be7 18. Nxf4 O-O-O 19. b4 cxb4 20. Rxb4 Na6 21. Rb5
f5 22. Nd2 Rde8 23. Ne6 b6 24. Qa4 Nc5 25. Nxc5 dxc5 26. Qa6+ Kd8 27. a4 f4 28.
e4 Bf6 29. Rb3 Be5 30. a5 Qa4 31. Qxa7 Qxa5 32. Qxb6+ Qxb6 33. Rxb6 Bc3 34.
Rd6+ Ke7 35. Re6+ Kf7 36. Rxe8 Rxe8 37. Ke2 Rb8 38. Rc1 Ba5 39. Rb1 Re8 40.
Rb7+ Kf6 41. Nb3 Bb4 42. Kd3 Ra8 43. Rb6+ Ke7 44. Re6+ Kf7 45. Bd1 Ra2 46. Bc2
f3 47. g4 Ra3 48. g5 Kg7 49. Rf6 h6 50. Rxf3 hxg5 51. Ke2 Ra2 52. Kd1 Bh5 0-1

[Event "2023 Wolfgang Leonhardt Cup"]
[Site "Woodvale, Perth WA AUS"]
[Date "2023.09.20"]
[Round "6"]
[White "Clarke, Daniel"]
[Black "Saxon, Marc"]
[Result "1/2-1/2"]
[ECO "B35"]
[WhiteElo "1902"]
[BlackElo "2053"]
[PlyCount "162"]
[EventDate "2023.08.09"]
[EventType "swiss"]
[EventRounds "7"]
[EventCountry "AUS"]
[TimeControl "3600+30"]

1. e4 c5 2. Nf3 g6 3. d4 cxd4 4. Nxd4 Nc6 5. Nc3 Bg7 6. Be3 Nf6 7. Bc4 O-O 8.
Bb3 Ng4 9. Qxg4 Nxd4 10. Qd1 Nxb3 11. cxb3 Qa5 12. Bd4 d6 13. Bxg7 Kxg7 14.
Qd4+ Kg8 15. O-O-O Be6 16. Kb1 Rac8 17. h4 Qc5 18. Qd2 h5 19. f3 Kg7 20. Rdg1
d5 21. Nxd5 Bxd5 22. exd5 Rfd8 23. Rc1 Qxd5 24. Qxd5 Rxc1+ 25. Rxc1 Rxd5 26.
Rc7 Rd2 27. Rxe7 Rxg2 28. Rxb7 g5 29. Rb5 Kf6 30. Kc1 Kg6 31. Rb8 Rg3 32. Kd2
gxh4 33. Ke3 Kg7 34. Kf2 Rg6 35. Rb4 h3 36. Rh4 Rg2+ 37. Kf1 Rxb2 38. Rxh3 Kg6
39. Rg3+ Kf5 40. Rg7 Kf6 41. Rg2 Rb1+ 42. Kf2 Kf5 43. Kg3 Rh1 44. Rc2 h4+ 45.
Kg2 Re1 46. a4 Re7 47. b4 Kg5 48. Rc4 f5 49. b5 Re2+ 50. Kf1 Rb2 51. Rc7 Kf4
52. Rxa7 Kxf3 53. Kg1 Rg2+ 54. Kh1 h3 55. Rh7 Kg3 56. Rg7+ Kf2 57. Rf7 Rg5 58.
b6 Kg3 59. b7 Rg8 60. Rg7+ Rxg7 61. b8=Q+ f4 62. Qb2 Re7 63. Qa3+ Re3 64. Qc1
Re2 65. Qg1+ Rg2 66. Qe1+ Kg4 67. a5 f3 68. a6 f2 69. Qe4+ Kg3 70. Qe3+ Kg4 71.
Qe6+ Kg3 72. Qg6+ Kf3 73. Qb1 Kg3 74. Qd3+ Kg4 75. Qf1 Kg3 76. Qd3+ Kg4 77. a7
Rg1+ 78. Kh2 Rg2+ 79. Kh1 Rg1+ {(=)} 80. Kh2 Rg2+ 81. Kh1 Rg1+ 1/2-1/2

[Event "2023 Wolfgang Leonhardt Cup"]
[Site "Woodvale, Perth WA AUS"]
[Date "2023.09.20"]
[Round "6"]
[White "Maris, Rob"]
[Black "Janceski, Alex"]
[Result "1-0"]
[ECO "A28"]
[WhiteElo "2044"]
[BlackElo "1879"]
[PlyCount "63"]
[EventDate "2023.08.09"]
[EventType "swiss"]
[EventRounds "7"]
[EventCountry "AUS"]
[TimeControl "3600+30"]

1. c4 e5 2. Nc3 Nf6 3. Nf3 Nc6 4. e3 d5 5. cxd5 Nxd5 6. Bb5 Nxc3 7. bxc3 Bd6 8.
d4 exd4 9. cxd4 Bd7 10. O-O O-O 11. Re1 a6 12. Bc4 Bg4 13. Bb2 Bb4 14. Rf1 Qf6
15. Be2 Rad8 16. Qb3 Be6 17. d5 Bxd5 18. Bxf6 Bxb3 19. Bxd8 Bxa2 20. Bxc7 Be6
21. Rfc1 Rc8 22. Bb6 h6 23. Nd4 Bd7 24. Nxc6 Bxc6 25. Bf3 a5 26. Bxa5 Be7 27.
Bxc6 bxc6 28. Rc4 Ra8 29. Bc3 Rc8 30. Kf1 Rc7 31. Be5 Rc8 32. Rac1 1-0

[Event "2023 Wolfgang Leonhardt Cup"]
[Site "Woodvale, Perth WA AUS"]
[Date "2023.09.20"]
[Round "6"]
[White "Curthoys, Edward"]
[Black "Plaganyi, Gyula"]
[Result "0-1"]
[ECO "B27"]
[WhiteElo "1848"]
[BlackElo "1972"]
[BlackTitle "CM"]
[PlyCount "96"]
[EventDate "2023.08.09"]
[EventType "swiss"]
[EventRounds "7"]
[EventCountry "AUS"]
[TimeControl "3600+30"]

1. e4 c5 2. Nf3 g6 3. c3 Bg7 4. d4 cxd4 5. cxd4 d5 6. e5 Bg4 7. Be2 Nc6 8. h3
Bxf3 9. Bxf3 e6 10. Na3 f6 11. exf6 Qxf6 12. Nb5 O-O-O 13. Be3 a6 14. a4 Nge7
15. Qc1 Kd7 16. Bg5 Qf7 17. Bf4 axb5 18. axb5 Nxd4 19. Ra7 Rc8 20. Rxb7+ Ke8
21. Rc7 Rd8 22. Qc5 Bf6 23. Bd1 e5 24. Bd2 Ne6 25. Qa7 Nxc7 26. Qxc7 Qe6 27.
Bg4 Qd6 28. Qa5 Kf7 29. Bb4 Qb8 30. O-O h5 31. Be2 Rc8 32. Rd1 Rhd8 33. Qa2 Qb7
34. Qb3 Nf5 35. Bf3 Nd4 36. Qe3 Nxf3+ 37. Qxf3 Qxb5 38. Ba3 e4 39. Qf4 Qb8 40.
Qh6 Bg7 41. Qg5 Qe5 42. Qd2 d4 43. Qb4 Bf6 44. Qb3+ Kg7 45. Qb7+ Rc7 46. Qb6
Be7 47. Bxe7 Qxe7 48. Rxd4 Rc1+ 0-1